 Dungeon Crawl Stone Soup version 0.29-a0-334-gb41bcbb86e (webtiles) character file.

Game seed: 3255571386061324210

25 GigaChad the Shield-Bearer (level 2, -2/27 HPs)
             Began as a Minotaur Fighter on Apr 13, 2022.
             Slain by a goblin
             ... wielding a +0 club
             ... led by Robin
              (4 damage)
             ... on level 2 of the Dungeon.
             The game lasted 00:00:22 (74 turns).

GigaChad the Shield-Bearer (Minotaur Fighter)         Turns: 74, Time: 00:00:23

Health: -2/27      AC:  7    Str: 20    XL:     2   Next: 86%
Magic:  1/1        EV:  9    Int:  5    God:
Gold:   0          SH:  4    Dex:  9    Spells: 1/1 levels left

rFire   . . .      SeeInvis .   a - +0 long sword
rCold   . . .      Faith    .   c - +0 buckler
rNeg    . . .      Spirit   .   b - +0 scale mail
rPois   .          Reflect  .   (helmet restricted)
rElec   .          Harm     .   (no cloak)
rCorr   .          Rampage  .   (no gloves)
Will    .....                   (no boots)
Stlth   ..........              (no amulet)
HPRegen 0.09/turn               (no ring)
MPRegen 0.07/turn               (no ring)

@: no status effects
A: horns 2, retaliatory headbutt
a: no special abilities


You were on level 2 of the Dungeon.
You visited 1 branch of the dungeon, and saw 2 of its levels.

Inventory:

Hand Weapons
 a - a +0 long sword (weapon)
Armour
 b - a +0 scale mail (worn)
 c - a +0 buckler (worn)
Potions
 d - a potion of might


   Skills:
 + Level 4.1 Fighting
 + Level 2.7 Long Blades
 + Level 4.0 Armour
 + Level 4.1 Shields


You had one spell level left.
You didn't know any spells.
Your spell library was empty.

Dungeon Overview and Level Annotations

Branches:
Dungeon (1/15)

Altars:


Innate Abilities, Weirdness & Mutations

You have a pair of horns on your head.
You reflexively headbutt those who attack you in melee.


Message History

You block the goblin's attack.
The goblin shouts!
You slash the goblin!
You kill the goblin!
You hear a shout! x2
A goblin comes into view. It is wielding a +0 dagger.
A hobgoblin comes into view.
A goblin and 2 hobgoblins come into view.
The goblin shouts!
The hobgoblin shouts!
The goblin hits you but does no damage.
A hobgoblin comes into view.
Things that are here:
a +0 club; a goblin corpse The goblin attacks as you move away!
The goblin hits you with a +0 club.
* * * LOW HITPOINT WARNING * * *
A goblin comes into view. It is wielding a +0 dagger.
You see here a giant cockroach corpse.
A hobgoblin comes into view.
The hobgoblin shouts!
The hobgoblin hits you.
* * * LOW HITPOINT WARNING * * *
The hobgoblin moves out of view.
There is a stone staircase leading up here.
The goblin attacks as you move away! The goblin closely misses you.
You furiously retaliate!
You headbutt the goblin.
You kill the goblin!
You see here a hobgoblin corpse.
You hit the hobgoblin. You headbutt the hobgoblin.
You kill the hobgoblin!
You block the hobgoblin's attack.
You completely miss the hobgoblin. You headbutt the hobgoblin.
You kill the hobgoblin!
The goblin hits you but does no damage.
You closely miss the goblin. Your headbutt misses the goblin.
The goblin barely misses you. The goblin hits you with a +0 club.
* * * LOW HITPOINT WARNING * * *
You closely miss the goblin. The goblin closely misses you.
You furiously retaliate!
You headbutt the goblin. The goblin hits you with a +0 club.
You die...

.... ....###
#....# .......
#....# .......
#....# ......###
#....#
......g.####....#
#.)gg.......#
#..†gg....##
##.))g@)..#
#...g....#
##.....#.#
#...##....#
..............
......##.....#.
'.............# #
#.....##........
.... #.###.##


You could see 3 hobgoblins and 4 goblins.

Vanquished Creatures
  Robin (D:2)
  A giant cockroach (D:2)
  2 goblins (D:2)
  4 hobgoblins (D:2)
  3 kobolds
  A frilled lizard (D:2)
  A rat (D:1)
13 creatures vanquished.

Notes
Turn   | Place    | Note
-------+----------+-------------------------------------------
     0 | D:1      | GigaChad the Minotaur Fighter began the quest for the Orb.
     0 | D:1      | Reached XP level 1. HP: 19/19 MP: 0/0
    33 | D:1      | You fall into a shaft and drop 1 floor!
    51 | D:2      | Reached XP level 2. HP: 24/27 MP: 1/1
    53 | D:2      | Noticed Robin
    62 | D:2      | Killed Robin
    73 | D:2      | HP: 1/27 [goblin/+0 club[Robin] (2)]
    74 | D:2      | Slain by a goblin

Illustrated notes

Levels and vault maps discovered:
D:1:      dpeg_arrival_radiant, layout_basic, serial_shops, shop,
          minmay_pentomino_w2
D:2:      layout_basic, basic_altar, uniq_robin

Skill      XL: |  1  2 |
---------------+-------+-----
Fighting       | 4 |  4.1
Armour         | 4 |  4.0
Shields        | 4 |  4.1
Long Blades    | |  2.7

Action                   || total
-------------------------++-------
Melee: Long sword        ||    23
       Headbutt          ||     2
Armor: Scale mail        ||    19
Dodge: Dodged            ||    11
Block: Buckler           ||     5

Table legend: (Time is in decaauts)
 A = Elapsed time spent in this place.
 B = Non-inter-level travel time spent in this place.
 C = Inter-level travel time spent in this place.
 D = Time resting spent in this place.
 E = Time spent auto-exploring this place.
 F = Levels seen in this place.
 G = Mean time per level.
                   A        B        C        D        E       F      G
               +--------+--------+--------+--------+--------+-----+--------+
         Total |     80 |     80 |      0 |      0 |      6 |   2 |   40.0 |
       Dungeon |     80 |     80 |      0 |      0 |      6 |   2 |   40.0 |
               +--------+--------+--------+--------+--------+-----+--------+

Top non-repeatable levels by time:
     D:2: 46 daAuts
     D:1: 33 daAuts
